 Dungeon Crawl Stone Soup version 0.25.1-8-g42b30a86e7 (webtiles) character file.

Game seed: 4539100397798034956

120 Abzac the Sneak (level 5, -3/35 HPs)
             Began as a Halfling Assassin on Dec 18, 2020.
             Slain by an orc wizard
             ... wielding a +0 dagger
              (6 damage)
             ... on level 1 of the Dungeon.
             The game lasted 00:05:48 (2765 turns).

Abzac the Sneak (Halfling Assassin)                 Turns: 2765, Time: 00:05:49

Health: -3/35      AC:  3    Str: 10 (13) XL:     5   Next: 25%
Magic:  5/5        EV: 14    Int:  7 (9)  God:
Gold:   35         SH:  0    Dex: 14 (16) Spells: 4/4 levels left

rFire    . . .     SeeInvis .   a - +2 dagger
rCold    . . .     Gourm    .   (shield restricted)
rNeg     . . .     Faith    .   b - +0 robe
rPois    .         Spirit   .   (no helmet)
rElec    .         Reflect  .   c - +0 cloak
rCorr    .         Harm     .   (no gloves)
MR       .....                  (no boots)
Stlth    +++.......             (no amulet)
HPRegen  0.11/turn              (no ring)
MPRegen  0.09/turn              (no ring)

@: mighty, brilliant
A: small, mutation resistance 1
a: no special abilities


You were on level 1 of the Dungeon.
You were hungry.

You visited 1 branch of the dungeon, and saw 2 of its levels.

You collected 35 gold pieces.

Inventory:

Hand Weapons
 a - a +2 dagger (weapon)
Missiles
 d - 8 poisoned darts (quivered)
 e - 2 curare-tipped darts
Armour
 b - a +0 robe (worn)
 c - a +0 cloak (worn)
Scrolls
 h - 5 scrolls of identify {unknown}
 l - a scroll of magic mapping {unknown}
 m - a scroll of enchant weapon {unknown}
 n - a scroll of immolation {unknown}
Potions
 k - a potion of degeneration
Comestibles
 f - 3 rations
 g - 7 chunks of flesh


   Skills:
 + Level 2.4 Fighting
 - Level 2.4 Short Blades
 - Level 2.0 Throwing
 - Level 1.1 Dodging
 * Level 6.8 Stealth


You had 4 spell levels left.
You didn't know any spells.
Your spell library was empty.

Dungeon Overview and Level Annotations

Branches:
Dungeon (2/15)

Altars:
Vehumet
Xom
Zin


Innate Abilities, Weirdness & Mutations

You are small and have problems with some larger weapons.
You are somewhat resistant to further mutation.


Message History

You hear some strange, mumbled words.
A puff of flame appears from out of thin air!
The puff of flame hits you.
It was a potion of degeneration.
There was something very wrong with that liquid.
You feel weakened.
You feel dopey.
You feel clumsy. Something hits you but does no damage.
You hear some strange, mumbled words.
A puff of frost appears from out of thin air!
The puff of frost hits you!
* * * LOW HITPOINT WARNING * * *
It was a potion of brilliance.
You feel clever all of a sudden.
You hear some strange, mumbled words.
It was a potion of might.
You feel very mighty all of a sudden.
An orc wizard appears from thin air!
Reactivating autopickup.
The orc wizard hits you with a +0 dagger.
You die...

#.# #..###.#.##.# #.# #.##
#.## #.#.##.# #.# ...## #.#
#.#.##.# #.# #...## #.#
#.#....# #.# ##..[##
##.####.#########.##
##...###....##............#
##...#.....############..#
##^.......##### #..#
#####........'.o@########..#
...........<.#####.........#
####.........# #.#######.#
########### #.# #.# #.# #.#
#.# #.# #.# #.# #.# #.#
#.#######.#


You could see an orc wizard (fast).

Vanquished Creatures
  3 gnolls
  4 adders (D:2)
  A dart slug (D:1)
  3 orcs (D:2)
  5 bats
  3 giant cockroaches
  6 goblins
  8 hobgoblins
  4 jackals (D:2)
  2 frilled lizards
  6 kobolds
  4 rats (D:2)
49 creatures vanquished.

Notes
Turn   | Place    | Note
-------+----------+-------------------------------------------
     0 | D:1      | Abzac the Halfling Assassin began the quest for the Orb.
     0 | D:1      | Reached XP level 1. HP: 14/14 MP: 1/1
   143 | D:1      | Reached XP level 2. HP: 14/19 MP: 2/2
   278 | D:1      | Reached skill level 5 in Stealth
   603 | D:1      | Reached XP level 3. HP: 22/24 MP: 3/3
  1693 | D:2      | Reached skill level 6 in Stealth
  1809 | D:2      | Reached XP level 4. HP: 17/29 MP: 4/4
  2245 | D:2      | Found a radiant altar of Vehumet.
  2458 | D:2      | Reached XP level 5. HP: 34/34 MP: 5/5
  2484 | D:2      | Found a shimmering altar of Xom.
  2484 | D:2      | Noticed an angel
  2485 | D:2      | Found a glowing silver altar of Zin.
  2765 | D:1      | Slain by an orc wizard

Illustrated notes

Levels and vault maps discovered:
D:1:      elethiomel_arrival_shortcut, layout_basic
D:2:      layout_loops_corners, grunt_temple_overflow_order_and_chaos_1,
          lemuel_round_altar, first_ration, serial_glass, glass_columns_a,
          glass_columns_a, minmay_strange_pillars, dk_noncrumbling_2

Skill      XL: |  1  2  3  4 |
---------------+-------------+-----
Stealth        | 5 6 |  6.8
Fighting       | 2 |  2.4
Short Blades   | |  2.4
Throwing       | |  2.0
Dodging        | |  1.1

Action                   |  1- 3 |  4- 6 || total
-------------------------+-------+-------++-------
Melee: Dagger            |   121 |    84 ||   205
  Use: Potion            |       |     6 ||     6
 Stab: Sleeping          |     4 |     4 ||     8
       Distracted        |       |     1 ||     1
  Eat: Chunk             |     1 |     1 ||     2
       Ration            |     1 |       ||     1
Armor: Robe              |    31 |    18 ||    49
Dodge: Dodged            |    88 |    67 ||   155
